[Event "Team 45 45 League T56"]
[Site "Internet Chess Club"]
[Date "2013.03.19"]
[Round "4"]
[White "DutchBird"]
[Black "lacibacsi"]
[Result "0-1"]
[WhiteElo "1540"]
[BlackElo "2023"]
[Opening "Caro-Kann: Panov-Botvinnik attack"]
[ECO "B13"]
[Time "17:00:13"]
[TimeControl "2700+45"]

1. e4 c6 2. d4 d5 3. exd5 cxd5 4. c4 Nf6 5. Nc3 Nc6 6. Bg5 dxc4 7. Bxc4 h6 8.
Bh4 Qxd4 9. Qxd4 Nxd4 10. O-O-O e5 11. f4 Bg4 12. Nf3 Bxf3 13. gxf3 Rc8 14. fxe5
Rxc4 15. exf6 Ne6 16. Rhe1 Rxh4 {White resigns} 0-1

[Event "Team 45 45 League T56"]
[Site "Internet Chess Club"]
[Date "2013.03.17"]
[Round "4"]
[White "mitus"]
[Black "mellizas2003"]
[Result "1-0"]
[WhiteElo "1755"]
[BlackElo "1643"]
[Opening "French: Rubinstein variation"]
[ECO "C10"]
[Time "15:00:07"]
[TimeControl "2700+45"]

1. e4 e6 2. d4 d5 3. Nc3 dxe4 4. Nxe4 Nd7 5. Nf3 Be7 6. Bd3 Ngf6 7. Nxf6+ Nxf6
8. O-O O-O 9. c4 c5 10. Bc2 b6 11. b3 Bb7 12. dxc5 Qxd1 13. Rxd1 bxc5 14. Bb2
Rac8 15. Ne5 Rc7 16. f3 Bc8 17. Rd2 Rb7 18. Rad1 a5 19. Nc6 Rc7 20. Nxe7+ Rxe7
21. Rd8 Ree8 22. Rxe8 Rxe8 23. Bc3 a4 24. bxa4 Ba6 25. Bb3 Bb7 26. Ba5 e5 27.
Bb6 e4 28. Kf2 e3+ 29. Ke2 Nh5 30. g3 f5 31. Rd8 Rxd8 32. Bxd8 f4 33. gxf4 Nxf4+
34. Kxe3 Ne6 35. Be7 Kf7 36. Bd6 Nd4 37. Bxc5 Nxf3 38. Bd6 Kf6 39. a5 Nh4 40.
Bb8 Nf5+ 41. Kf2 Nd4 42. Ba4 g5 43. Bb5 Kf5 44. a6 Ba8 45. Bd7+ Ke4 46. Bh3 Nc6
47. c5 Nxb8 48. Bg2+ Kd4 49. Bxa8 Kxc5 50. Be4 Nxa6 51. Bxh7 Nb4 52. Bg8 Kd4 53.
Kf3 Nxa2 54. Bxa2 g4+ 55. Kxg4 Ke5 56. Kg5 {Black resigns} 1-0

[Event "Team 45 45 League T56"]
[Site "Internet Chess Club"]
[Date "2013.03.16"]
[Round "4"]
[White "Egmont"]
[Black "Altairus"]
[Result "0-1"]
[WhiteElo "1711"]
[BlackElo "1612"]
[Opening "Queen's pawn: London system"]
[ECO "A45"]
[Time "03:01:44"]
[TimeControl "2700+45"]

1. d4 Nf6 2. Bf4 e6 3. e3 d5 4. Nf3 c5 5. c3 cxd4 6. exd4 Be7 7. Nbd2 Nc6 8. Bd3
h6 9. h3 Bd6 10. Bxd6 Qxd6 11. O-O O-O 12. Re1 Re8 13. Ne5 Qc7 14. Ndf3 a6 15.
Rc1 b5 16. Bb1 Bb7 17. Qd3 Rad8 18. Ng4 Ne4 19. Rxe4 dxe4 20. Qxe4 f5 21. Nxh6+
gxh6 22. Qh4 Qg7 23. Re1 Rd7 24. Bxf5 Rde7 25. Be4 Kh8 26. g4 Nd8 27. Ne5 Bxe4
28. Rxe4 Nf7 29. Nd7 {White resigns} 0-1

[Event "Team 45 45 League T56"]
[Site "Internet Chess Club"]
[Date "2013.03.16"]
[Round "4"]
[White "fireball"]
[Black "PaulaR"]
[Result "0-1"]
[WhiteElo "1738"]
[BlackElo "1644"]
[Opening "French: Steinitz, Gledhill attack"]
[ECO "C11"]
[Time "09:14:20"]
[TimeControl "2700+45"]

1. e4 e6 2. d4 d5 3. Nc3 Nf6 4. e5 Nfd7 5. Qg4 c5 6. Be3 Qb6 7. O-O-O Nc6 8.
dxc5 Ndxe5 9. Qxe6+ fxe6 10. cxb6 axb6 11. Bxb6 Bd6 12. g3 O-O 13. f4 Ng4 14. h3
Nf6 15. a3 Nh5 16. Nge2 Ra6 17. Be3 Nf6 18. Bg2 Bd7 19. f5 e5 20. Nxd5 Bxf5 21.
Nxf6+ Rxf6 22. Rhf1 Be7 23. g4 Be6 24. Nc3 Rxf1 25. Rxf1 Ra8 26. Nd5 Bd6 27. Nc3
Be7 28. Nb5 Rc8 29. Bb6 Bc4 30. Na7 Bxf1 31. Bxf1 Nxa7 32. Bxa7 Bc5 33. Bxc5
Rxc5 34. b4 Rc3 35. Kb2 Rf3 36. Bg2 e4 37. a4 Kf7 38. Kc1 Ra3 39. Bxe4 Rxa4 40.
Bxb7 Rxb4 41. Bd5+ Kf6 42. Kd2 Rd4+ {White resigns} 0-1

[Event "Team 45 45 League T56"]
[Site "Internet Chess Club"]
[Date "2013.03.17"]
[Round "4"]
[White "Constrictor"]
[Black "creditordebit"]
[Result "0-1"]
[WhiteElo "1698"]
[BlackElo "1896"]
[Opening "Sicilian: Canal-Sokolsky (Nimzovich-Rossolimo, Moscow) attack"]
[ECO "B51"]
[Time "16:09:17"]
[TimeControl "2700+45"]

1. Nf3 c5 2. e4 d6 3. Bb5+ Nc6 4. O-O g6 5. d4 Qb6 6. Bxc6+ Qxc6 7. d5 Qc7 8.
Nc3 Bg7 9. Bf4 a6 10. a4 Bg4 11. h3 Bxf3 12. Qxf3 Nf6 13. Qe3 Nd7 14. Kh1 O-O
15. Bh6 f5 16. Bxg7 Kxg7 17. Ne2 fxe4 18. Nf4 Rf6 19. Ne6+ Rxe6 20. dxe6 Nf6 21.
f3 exf3 22. Rxf3 d5 23. Raf1 d4 24. Qg5 h6 25. Qg3 Qxg3 26. Rxg3 Rd8 27. Rb3 Rd6
28. Re1 b6 29. Rf3 g5 30. g4 Kg6 31. Re5 c4 32. Re2 Nd5 33. Rf7 d3 34. cxd3 cxd3
35. Rd2 Rxe6 36. Rf3 Nf4 37. Kh2 Re2+ 38. Rxe2 dxe2 39. Re3 Kf6 40. Kg3 e5 41.
Kf2 e1=Q+ 42. Rxe1 Nd3+ 43. Ke2 Nxe1 44. Kxe1 Ke6 45. Ke2 Kd5 46. Ke3 b5 47.
axb5 axb5 48. b3 b4 49. Kd3 e4+ 50. Ke3 Ke5 51. Ke2 Kd4 52. Kd2 e3+ 53. Ke2 Ke4
54. Ke1 Kd3 55. Kd1 Kc3 56. Ke2 Kxb3 {White resigns} 0-1

[Event "Team 45 45 League T56"]
[Site "Internet Chess Club"]
[Date "2013.03.15"]
[Round "4"]
[White "fishhead"]
[Black "ghostfire"]
[Result "1-0"]
[WhiteElo "1860"]
[BlackElo "1696"]
[Opening "Sicilian: Najdorf, Adams attack"]
[ECO "B54"]
[Time "20:00:08"]
[TimeControl "2700+45"]

1. e4 c5 2. Nf3 d6 3. d4 cxd4 4. Nxd4 a6 5. h3 Nf6 6. Nc3 e6 7. g4 Be7 8. Be3 b5
9. g5 Nfd7 10. Qh5 Ne5 11. O-O-O b4 12. Nb1 Qc7 13. Nd2 Bd7 14. f4 Nec6 15. Nc4
g6 16. Qh6 Bf8 17. Qh4 e5 18. Nb3 Bg7 19. Nxd6+ Ke7 20. Bc5 Kd8 21. Nxf7+ Kc8
22. Nd6+ Kd8 23. f5 Nd4 24. Rxd4 exd4 25. f6 Bf8 26. Qf4 Bxd6 27. Bxd6 Qb7 28.
f7 Bf5 29. Bc4 Nd7 30. Rd1 Qxe4 31. Qxe4 Bxe4 32. Rxd4 Bf5 33. f8=Q+ Nxf8 34.
Bxf8+ Kc7 35. Bd6+ Kc8 36. Nc5 Re8 37. Bxa6+ Rxa6 38. Nxa6 Bxh3 39. Nxb4 Re1+
40. Kd2 Rg1 41. Be7 Rg2+ 42. Kc3 Bf5 43. a4 Rg3+ 44. Nd3 Re3 45. Bf6 Re6 46. b4
Rc6+ 47. Rc4 Rxc4+ 48. Kxc4 {Black resigns} 1-0

[Event "Team 45 45 League T56"]
[Site "Internet Chess Club"]
[Date "2013.03.17"]
[Round "4"]
[White "Frankly"]
[Black "chrisgianno"]
[Result "1-0"]
[WhiteElo "1895"]
[BlackElo "1674"]
[Opening "QGD: 3.Nc3"]
[ECO "D31"]
[Time "15:25:35"]
[TimeControl "2700+45"]

1. d4 e6 2. c4 d5 3. Nc3 Bb4 4. Nf3 Ne7 5. Bf4 O-O 6. e3 c5 7. Rc1 Nbc6 8. Bd3
Ng6 9. Bg3 Qe7 10. O-O dxc4 11. Bxc4 cxd4 12. exd4 a6 13. Ne4 Rd8 14. Bb3 f5 15.
Neg5 f4 16. Nxe6 Bxe6 17. Bxe6+ Qxe6 18. a3 fxg3 19. axb4 gxh2+ 20. Kh1 Qg4 21.
Qb3+ Kh8 22. d5 Nce5 23. Nxe5 Nxe5 24. Rfe1 Ng6 25. Rc4 Qf5 26. Rc7 Qxd5 27. Qc3
Qd4 28. Re8+ Rxe8 29. Qxd4 Ne5 30. f4 Rad8 31. Qc3 Rd1+ 32. Kxh2 Ng4+ 33. Kg3
Nf6 34. Rc8 Ne4+ 35. Kh2 Rdd8 36. Rxd8 Rxd8 37. Qc7 Rf8 38. Qe7 Rb8 39. Qxe4 h6
40. g4 Rd8 41. Kg3 Rd2 42. b3 Rb2 43. Qc4 Rb1 44. Qc8+ Kh7 45. Qc2+ {Black
resigns} 1-0

[Event "Team 45 45 League T56"]
[Site "Internet Chess Club"]
[Date "2013.03.17"]
[Round "4"]
[White "jps7"]
[Black "Electryon"]
[Result "1-0"]
[WhiteElo "1786"]
[BlackElo "1449"]
[Opening "Queen's pawn game"]
[ECO "D02"]
[Time "18:00:27"]
[TimeControl "2700+45"]

1. d4 d5 2. Nf3 c6 3. e3 f5 4. Bd3 e6 5. b3 Nf6 6. O-O Bd6 7. Bb2 O-O 8. Nbd2
Ne4 9. Ne5 Nd7 10. f3 Nxd2 11. Qxd2 Rf6 12. Qf2 Rh6 13. c4 Qf6 14. f4 Qe7 15. c5
Bc7 16. b4 a6 17. a4 Nf6 18. b5 Bd7 19. Qe2 a5 20. b6 Bd8 21. Bc3 Ne4 22. Bxe4
fxe4 23. Qe1 Be8 24. Bxa5 Qf8 25. Bd2 Bh4 26. g3 Be7 27. Rf2 Qf5 28. Qf1 Bh5 29.
a5 Ra6 30. Qxa6 bxa6 31. b7 Qf8 32. Nd7 {Black resigns} 1-0

[Event "Team 45 45 League T56"]
[Site "Internet Chess Club"]
[Date "2013.03.21"]
[Round "4"]
[White "RedAttack"]
[Black "BigH"]
[Result "1/2-1/2"]
[WhiteElo "1852"]
[BlackElo "2120"]
[Opening "Queen's pawn game"]
[ECO "D02"]
[Time "09:31:50"]
[TimeControl "2700+45"]

1. Nf3 d5 2. d4 e6 3. g3 Nf6 4. Bg2 Be7 5. O-O O-O 6. Nc3 c5 7. Bf4 Nc6 8. Be5
cxd4 9. Bxd4 Nxd4 10. Nxd4 Bd7 11. e4 dxe4 12. Nxe4 Qc7 13. Qe2 Rac8 14. c3 Rfd8
15. Rfd1 Be8 16. Rd2 a6 17. Rad1 Rd7 18. Bh3 Rcd8 19. Ng5 Qa5 20. Ngxe6 fxe6 21.
Bxe6+ Kh8 22. Bxd7 Rxd7 23. a3 Qh5 24. Qxh5 Bxh5 25. f3 Bg6 26. Ne2 Rxd2 27.
Rxd2 Kg8 28. b4 b5 29. Nf4 Be8 30. Ne6 Bc6 31. Kf2 Nd5 32. Rd3 Bf6 33. Nd4 Bb7
34. Nb3 Nxc3 35. Nc5 Bc8 36. Rd6 Nb1 37. Nxa6 Nxa3 38. Nc7 Kf7 39. Rd5 Be7 40.
Nxb5 Bxb4 41. Nxa3 Bxa3 42. Ra5 Be7 43. Rh5 h6 44. Ra5 Be6 45. Rb5 Bc4 46. Ra5
Bf6 47. Ke3 Ke6 48. f4 Kd6 49. g4 Kc6 50. Ke4 Bc3 51. Ra3 Bd5+ 52. Kf5 Bb2 53.
Ra6+ Kc5 54. h4 Kd4 55. Rd6 Kc5 56. Rd7 Bc6 57. Rd2 Bd4 58. Rxd4 {Game drawn by
mutual agreement} 1/2-1/2

[Event "Team 45 45 League T56"]
[Site "Internet Chess Club"]
[Date "2013.03.23"]
[Round "4"]
[White "zap2"]
[Black "Portola"]
[Result "1-0"]
[WhiteElo "1777"]
[BlackElo "1813"]
[Opening "Réti: King's Indian attack, French variation"]
[ECO "A04"]
[Time "15:40:40"]
[TimeControl "2700+45"]

1. Nf3 e6 2. g3 d5 3. Bg2 Nf6 4. d3 c5 5. Nbd2 Nc6 6. O-O Be7 7. Re1 O-O 8. e4
dxe4 9. dxe4 e5 10. c3 h6 11. Qe2 Be6 12. Rd1 Qc7 13. Nf1 Rad8 14. N3d2 Rd7 15.
Ne3 Rfd8 16. Ndf1 Rxd1 17. Nxd1 Qd7 18. Nde3 Qd3 19. Qxd3 Rxd3 20. Nf5 Bf8 21.
h3 Ne7 22. N1e3 b6 23. Bf1 Rd8 24. Nxe7+ Bxe7 25. f3 Nh7 26. h4 Nf6 27. Bc4 Bxc4
28. Nxc4 Bd6 29. Ne3 Bc7 30. Kf2 a6 31. c4 b5 32. Ke2 Nh5 33. Nd5 Ba5 34. g4 Nf6
35. Ne7+ Kf8 36. Nc6 Bb6 37. Nxd8 Bxd8 38. cxb5 axb5 39. a4 b4 40. Be3 Bb6 41.
Rc1 Nd7 42. Kd3 Ke7 43. Kc4 Kd8 44. Rd1 Kc7 45. Rxd7+ Kxd7 46. Bxc5 Bd8 47. h5
g6 48. Bxb4 Kc6 49. Bf8 Bg5 50. b4 Be3 51. b5+ Kb6 52. Bb4 gxh5 53. gxh5 Kb7 54.
a5 Kc7 55. Bc5 Bd2 56. a6 Bf4 57. b6+ Kc6 58. b7 {Black resigns} 1-0

[Event "Team 45 45 League T56"]
[Site "Internet Chess Club"]
[Date "2013.03.18"]
[Round "4"]
[White "FlyingTiger"]
[Black "latayvia"]
[Result "1/2-1/2"]
[WhiteElo "1753"]
[BlackElo "1816"]
[Opening "Giuoco Piano"]
[ECO "C44"]
[Time "20:01:00"]
[TimeControl "2700+45"]

1. e4 e5 2. Nf3 Nc6 3. d4 exd4 4. Bc4 Bc5 5. c3 Nf6 6. cxd4 Bb4+ 7. Bd2 Bxd2+ 8.
Nbxd2 d5 9. exd5 Nxd5 10. Qb3 Nce7 11. O-O O-O 12. Rfe1 c6 13. Ne4 Qb6 14. Nc5
Qc7 15. Rac1 Rb8 16. Nd3 Qd6 17. Nde5 f6 18. Nd3 Be6 19. Nc5 Bf7 20. Re2 b5 21.
Bxd5 Nxd5 22. Qa3 Bh5 23. Rce1 Nc7 24. Re7 Rbe8 25. Rxe8 Rxe8 26. Rxe8+ Nxe8 27.
Qe3 Bf7 28. Nd2 Kf8 29. Ndb3 Qe7 30. Qc3 Bc4 31. h3 Qe2 32. Qb4 Qf1+ 33. Kh2 Kf7
{Game drawn by mutual agreement} 1/2-1/2

[Event "Team 45 45 League T56"]
[Site "Internet Chess Club"]
[Date "2013.03.19"]
[Round "4"]
[White "badmove"]
[Black "Juan73"]
[Result "1-0"]
[WhiteElo "1654"]
[BlackElo "1623"]
[Opening "Ruy Lopez: Bird's defense"]
[ECO "C61"]
[Time "20:04:39"]
[TimeControl "2700+45"]

1. e4 e5 2. Nf3 Nc6 3. Bb5 Nd4 4. Nxd4 exd4 5. O-O Bc5 6. d3 c6 7. Ba4 d6 8. Bb3
h6 9. f4 Nf6 10. f5 Bd7 11. Bf4 Qc7 12. Nd2 h5 13. h3 Bc8 14. Qf3 Nd7 15. Qg3
Rg8 16. Nc4 Ke7 17. Qg5+ f6 18. Qg6 Nf8 19. Qxh5 g6 20. fxg6 Rxg6 21. Bh6 Kd8
22. Bxf8 Qf7 23. Qh8 Bxh3 24. Bxd6+ Rg8 25. Qxh3 Bxd6 26. Nxd6 Qf8 27. Bxg8
{Black resigns} 1-0

[Event "Team 45 45 League T56"]
[Site "Internet Chess Club"]
[Date "2013.03.13"]
[Round "4"]
[White "przechrzczony"]
[Black "Barrett-CCSCSL"]
[Result "0-1"]
[WhiteElo "2065"]
[BlackElo "2121"]
[Opening "Polish (Sokolsky) opening"]
[ECO "A00"]
[Time "21:05:17"]
[TimeControl "2700+45"]

1. b4 d6 2. Bb2 Nf6 3. Nf3 e5 4. c4 Be7 5. Nc3 O-O 6. g3 c6 7. Bg2 Be6 8. d3
Nbd7 9. O-O d5 10. cxd5 cxd5 11. a3 d4 12. Ne4 Nxe4 13. dxe4 Qb6 14. Ne1 a5 15.
Nd3 axb4 16. axb4 Bxb4 17. Rb1 Bd6 18. Ba3 Qa6 19. Bxd6 Qxd6 20. f4 Rfb8 21. Rb5
Bc4 22. fxe5 Qh6 23. Rb4 Qe3+ 24. Kh1 b5 25. Rf3 Qh6 26. Rf5 Qe3 27. Rf3 Qg5 28.
Rf5 Qe7 29. Rb1 b4 30. Nb2 Ba2 31. Rc1 Rc8 32. Rxc8+ Rxc8 33. Qxd4 Rc1+ 34. Rf1
Rxf1+ 35. Bxf1 Nxe5 36. Bh3 Bb1 37. Nd3 Nxd3 38. exd3 b3 39. Kg1 Qc7 40. Kf2 Bc2
41. Ke2 Qb8 42. Qb2 Qb6 43. Bg4 Qc5 44. e5 Qg1 45. Kd2 Qxh2+ 46. Be2 Qxg3 47.
Qd4 Qg5+ 48. Kc3 h5 49. Bf3 g6 50. Qd6 Qf4 51. Bd5 Qf5 52. Bc4 g5 53. e6 Qf6+
54. d4 fxe6 55. Bxe6+ Kh7 56. Qd7+ Kh6 57. Bxb3 Bf5 58. Qb7 h4 59. Qg2 g4 60.
Bc4 Qd6 61. Qf2 Kg5 62. Qe3+ Kg6 63. Qe8+ Kf6 64. Qh8+ Kg5 65. Qg7+ Kf4 66. Qh8
h3 67. Qh4 Kf3 68. Qg5 Qf4 69. Bd5+ Be4 70. Qh5 Kg2 71. Be6 h2 72. Bxg4 {White
resigns} 0-1

[Event "Team 45 45 League T56"]
[Site "Internet Chess Club"]
[Date "2013.03.19"]
[Round "4"]
[White "daniguti"]
[Black "O00O"]
[Result "1-0"]
[WhiteElo "1916"]
[BlackElo "1932"]
[Opening "Pirc: Austrian attack"]
[ECO "B09"]
[Time "17:02:52"]
[TimeControl "2700+45"]

1. e4 d6 2. d4 Nf6 3. Nc3 g6 4. f4 Bg7 5. Nf3 c6 6. Bd3 O-O 7. O-O b5 8. Kh1 Na6
9. Qe1 Nb4 10. Bd2 Nxd3 11. cxd3 e6 12. Rg1 h5 13. h3 b4 14. Nd1 c5 15. Nf2 Re8
16. e5 Nd5 17. g4 hxg4 18. hxg4 f5 19. gxf5 gxf5 20. Qf1 Kf7 21. Ng5+ Kg8 22.
Qh3 Re7 23. Qh7+ Kf8 24. Qg6 a5 25. Nh7+ Kg8 26. Nf6+ Kf8 27. Qh7 Rf7 28. Rxg7
Nxf6 29. Rxf7+ Ke8 30. exf6 {Black resigns} 1-0

[Event "Team 45 45 League T56"]
[Site "Internet Chess Club"]
[Date "2013.03.16"]
[Round "4"]
[White "chess09"]
[Black "jjimalo"]
[Result "1-0"]
[WhiteElo "1920"]
[BlackElo "1863"]
[Opening "King's Indian: Sämisch, orthodox, 7.d5 c6"]
[ECO "E88"]
[Time "12:02:15"]
[TimeControl "2700+45"]

1. d4 Nf6 2. c4 g6 3. Nc3 Bg7 4. e4 d6 5. f3 O-O 6. Be3 e5 7. d5 c6 8. Qd2 cxd5
9. cxd5 Nbd7 10. Bd3 a6 11. Nge2 b5 12. O-O Nb6 13. Rac1 Bd7 14. Kh1 Nc4 15.
Bxc4 bxc4 16. Nb1 Rc8 17. Na3 Bb5 18. Qb4 Qd7 19. Nxc4 Bxc4 20. Rxc4 Rxc4 21.
Qxc4 Qb5 22. Qxb5 axb5 23. Rc1 Ra8 24. a3 b4 25. axb4 Rb8 26. Bd2 Nd7 27. Rc6
Bf8 28. h3 f5 29. Bc3 Kf7 30. Ng3 f4 31. Nf1 Ke8 32. Nd2 Nb6 33. Nc4 Nxc4 34.
Rxc4 Kd7 35. Kg1 Rb5 36. Rc6 Be7 37. Kf2 Bd8 38. Ke2 Rb6 39. Rxb6 Bxb6 40. Kd3
Kc7 41. Kc4 Kb7 42. b5 Bd8 43. Kb4 Be7 44. Be1 Bd8 45. g3 fxg3 46. Bxg3 g5 47.
Be1 h5 48. Ka4 Be7 49. Ba5 Bf6 50. Kb4 Be7 51. Kc3 Bf6 52. Kd3 Be7 53. Ke3 Bf6
54. Kf2 Be7 55. Kg3 Bf6 56. h4 gxh4+ 57. Kh3 Be7 58. Be1 Kb6 59. Bxh4 Bf8 60.
Bf6 Kxb5 61. Kh4 Bh6 62. Kxh5 Bc1 63. Be7 Kc5 64. b4+ {Black resigns} 1-0

[Event "Team 45 45 League T56"]
[Site "Internet Chess Club"]
[Date "2013.03.15"]
[Round "4"]
[White "az2112"]
[Black "typhoon"]
[Result "1-0"]
[WhiteElo "1633"]
[BlackElo "1608"]
[Opening "Ruy Lopez: closed"]
[ECO "C90"]
[Time "21:14:50"]
[TimeControl "2700+45"]

1. e4 e5 2. Nf3 Nc6 3. Bb5 a6 4. Ba4 Nf6 5. O-O Be7 6. Re1 b5 7. Bb3 d6 8. h3
Na5 9. c3 Nxb3 10. Qxb3 Be6 11. Qc2 c5 12. d4 Qc7 13. d5 Bd7 14. Nbd2 O-O 15.
Nf1 Rac8 16. Bd2 Nh5 17. Ne3 f5 18. Nxf5 Bxf5 19. exf5 Qb7 20. Bg5 Bxg5 21. Nxg5
Qxd5 22. Rad1 Qc6 23. Ne6 Rf6 24. Qd2 Rxe6 25. fxe6 Nf4 26. f3 c4 27. Qxd6 Nd3
28. Qxc6 Rxc6 29. Rxd3 cxd3 30. Rxe5 Kf8 31. e7+ Ke8 32. Rd5 Re6 33. Rxd3 Re2
34. Rd8+ Kxe7 35. Ra8 Rxb2 36. Rxa6 Rc2 37. Rb6 Rxc3 38. Rxb5 Rc1+ 39. Kh2 Ra1
40. Rb2 h5 41. Kg3 g5 42. Rb5 Kf6 43. Ra5 Rg1 44. Kf2 Rb1 45. Kg3 Rb2 46. a4 h4+
47. Kh2 Ra2 48. Kg1 Ra1+ 49. Kf2 Ra2+ 50. Kf1 Ra1+ 51. Kf2 Ra2+ 52. Kg1 Ra1+ 53.
Kh2 Ra2 54. Ra6+ Kf5 55. a5 Kf4 56. Ra8 Ke3 57. a6 Kf2 58. a7 Ra5 59. Rg8 Rxa7
60. Rxg5 Ra1 61. f4 Ra4 62. f5 Rf4 63. Rg4 Rxf5 64. Rxh4 Ke3 65. Rg4 Rh5 66. Kg3
{Black resigns} 1-0

[Event "Team 45 45 League T56"]
[Site "Internet Chess Club"]
[Date "2013.03.16"]
[Round "4"]
[White "nurmi"]
[Black "BigH"]
[Result "0-1"]
[WhiteElo "1964"]
[BlackElo "2131"]
[Opening "QGD: Lasker defense, main line"]
[ECO "D57"]
[Time "10:18:21"]
[TimeControl "2700+45"]

1. c4 e6 2. d4 d5 3. Nc3 Be7 4. Nf3 Nf6 5. Bg5 h6 6. Bh4 O-O 7. e3 Ne4 8. Bxe7
Qxe7 9. cxd5 Nxc3 10. bxc3 exd5 11. Qb3 c6 12. Bd3 Nd7 13. O-O b6 14. Rfe1 Nf6
15. a4 Ne4 16. Ne5 Qc7 17. Rac1 Be6 18. c4 Nd2 19. Qa2 Nxc4 20. Nxc4 dxc4 21.
Bxc4 Bxc4 22. Qxc4 Rac8 23. d5 c5 24. Rcd1 Qd7 25. e4 Rfd8 26. e5 Re8 27. Qf4 a6
28. Re3 b5 29. Rg3 Kh8 30. Rdd3 c4 31. Rd4 c3 32. Rxg7 Kxg7 33. Qf6+ Kg8 34. e6
Rxe6 35. dxe6 Qxe6 36. Rd8+ Rxd8 37. Qxd8+ Kh7 38. Qd3+ Qg6 {White resigns} 0-1

[Event "Team 45 45 League T56"]
[Site "Internet Chess Club"]
[Date "2013.03.13"]
[Round "4"]
[White "TerryMalloy"]
[Black "koni"]
[Result "1/2-1/2"]
[WhiteElo "2026"]
[BlackElo "1898"]
[Opening "Philidor: Improved Hanham variation"]
[ECO "B07"]
[Time "11:00:29"]
[TimeControl "2700+45"]

1. e4 d6 2. d4 Nf6 3. Nc3 e5 4. Nf3 Nbd7 5. Bc4 Be7 6. O-O O-O 7. Re1 c6 8. a4
a5 9. b3 exd4 10. Nxd4 Nb6 11. Bf1 d5 12. e5 Ne4 13. Nxe4 dxe4 14. Bb2 f5 15.
exf6 Bxf6 16. Rb1 Re8 17. g3 Nd5 18. Bg2 e3 19. Qd3 exf2+ 20. Kxf2 Rf8 21. Kg1
Kh8 22. Ne6 {Game drawn by mutual agreement} 1/2-1/2

[Event "Team 45 45 League T56"]
[Site "Internet Chess Club"]
[Date "2013.03.19"]
[Round "4"]
[White "poni"]
[Black "Dracoac"]
[Result "1-0"]
[WhiteElo "1898"]
[BlackElo "1766"]
[Opening "Réti opening"]
[ECO "A04"]
[Time "15:11:49"]
[TimeControl "2700+45"]

1. Nf3 c5 2. g3 g6 3. Bg2 Bg7 4. O-O e5 5. e4 Nc6 6. d3 Nge7 7. c3 O-O 8. Nbd2
d6 9. a3 a5 10. a4 h6 11. Nc4 Be6 12. Na3 Kh7 13. Nb5 f5 14. Nd2 f4 15. Nc4 Nc8
16. Qe2 Qd7 17. Bd2 g5 18. f3 Rf6 19. g4 Ra6 20. Be1 h5 21. h3 Rh6 22. Rd1 N6e7
23. d4 hxg4 24. hxg4 cxd4 25. cxd4 Ng6 26. d5 Bf7 27. Rc1 Nh4 28. Nca3 Qd8 29.
Rc7 Kg6 30. Rxb7 Qh8 31. Nc4 Rc6 32. b3 Rc5 33. Bxa5 Nxg2 34. Qxg2 Rh3 35. Be1
Bxd5 36. exd5 e4 37. Rxg7+ Kxg7 38. Bc3+ {Black resigns} 1-0

[Event "Team 45 45 League T56"]
[Site "Internet Chess Club"]
[Date "2013.03.23"]
[Round "4"]
[White "zap2"]
[Black "infiniteshug"]
[Result "1-0"]
[WhiteElo "1758"]
[BlackElo "1824"]
[Opening "Réti: King's Indian attack"]
[ECO "A05"]
[Time "04:39:32"]
[TimeControl "2700+45"]

1. Nf3 Nf6 2. g3 g6 3. Bg2 Bg7 4. d3 O-O 5. Nbd2 d6 6. O-O e5 7. e4 Nc6 8. c3 h6
9. Qe2 Nh7 10. Nh4 Kh8 11. a4 Ne7 12. f4 f5 13. Nc4 Be6 14. exf5 gxf5 15. fxe5
Bxc4 16. exd6 Bxd3 17. Qxe7 Qxd6 18. Qxd6 cxd6 19. Ng6+ Kg8 20. Rd1 Be2 21. Rxd6
Rf7 22. Bd5 Nf6 23. Bxf7+ Kxf7 24. Nf4 Bf3 25. Be3 Bc6 26. a5 Re8 27. Bxa7 Ne4
28. Rdd1 Be5 29. Nd3 Bc7 30. Rf1 Kf6 31. Bd4+ Kg5 32. Be3+ Kg6 33. Nf4+ Kh7 34.
a6 b6 35. a7 Ba8 36. Rad1 Nxg3 37. Rd7+ Kg8 38. Rxc7 Nxf1 39. Kxf1 Be4 40. Bd4
Ra8 41. Rg7+ Kf8 42. Ng6+ Ke8 43. Rg8+ Kd7 44. Rxa8 Bxa8 45. Bxb6 Bc6 46. Ne5+
Kd6 47. Nxc6 Kxc6 48. a8=Q+ {Black resigns} 1-0

[Event "Team 45 45 League T56"]
[Site "Internet Chess Club"]
[Date "2013.03.14"]
[Round "4"]
[White "bczero3"]
[Black "DARKwizard1"]
[Result "0-1"]
[WhiteElo "2024"]
[BlackElo "1998"]
[Opening "Four knights: Belgrade gambit"]
[ECO "C47"]
[Time "22:02:23"]
[TimeControl "2700+45"]

1. e4 Nc6 2. Nf3 e5 3. Nc3 Nf6 4. d4 exd4 5. Nd5 Be7 6. Bf4 d6 7. Nxd4 O-O 8.
Nb5 Nxd5 9. exd5 Ne5 10. Qd2 Re8 11. O-O-O a6 12. Nd4 Bf6 13. h4 Bd7 14. h5 h6
15. Kb1 c5 16. Nf3 Bg4 17. Re1 Bxf3 18. Bxe5 Bxe5 19. gxf3 Qf6 20. c3 Qxf3 21.
Bd3 Bf4 22. Qc2 Qxd5 23. Be4 Qd2 24. Qxd2 Bxd2 25. Re2 Rad8 26. Rd1 Bf4 27. Rde1
d5 28. Bh7+ Kf8 29. Rxe8+ Rxe8 30. Rxe8+ Kxe8 31. Kc2 Ke7 32. Bf5 Kd6 33. Bc8
Kc7 34. Bf5 b5 35. Kd3 a5 36. b3 c4+ 37. Kd4 Kd6 38. bxc4 bxc4 {White resigns}
0-1

[Event "Team 45 45 League T56"]
[Site "Internet Chess Club"]
[Date "2013.03.17"]
[Round "4"]
[White "SaltofLife"]
[Black "Otelo"]
[Result "1-0"]
[WhiteElo "1936"]
[BlackElo "1737"]
[Opening "King's Indian: Torre attack"]
[ECO "A48"]
[Time "15:31:39"]
[TimeControl "2700+45"]

1. d4 Nf6 2. Nf3 g6 3. Bg5 Bg7 4. Nbd2 d6 5. e4 O-O 6. c3 Nbd7 7. Bc4 h6 8. Bh4
Nb6 9. Be2 c5 10. O-O g5 11. Bg3 Nh5 12. dxc5 Nxg3 13. hxg3 dxc5 14. Nh2 e5 15.
Bg4 Qe7 16. Qe2 Be6 17. Bxe6 Qxe6 18. Ng4 Rad8 19. Ne3 Nc8 20. a4 Ne7 21. g4 Rd7
22. Rfd1 Rfd8 23. Ndc4 Qc6 24. Rxd7 Rxd7 25. f3 f6 26. b3 Bf8 27. Rd1 Kf7 28.
Rd3 b5 29. Na5 Qc7 30. Rxd7 Qxd7 31. Qxb5 Qd2 32. Qxc5 Qe1+ 33. Nf1 Ng6 34.
Qxa7+ Kg8 35. Qe3 Qd1 36. g3 Qd8 37. Nc4 Qc7 38. Kg2 Bc5 39. Qd3 Ne7 40. b4 Ba7
41. b5 Qc5 42. Qe3 Qxc4 43. Qxa7 Qxc3 44. Qxe7 Qb2+ 45. Kh3 {Black resigns} 1-0

[Event "Team 45 45 League T56"]
[Site "Internet Chess Club"]
[Date "2013.03.16"]
[Round "4"]
[White "Goli"]
[Black "fishhead"]
[Result "1-0"]
[WhiteElo "1832"]
[BlackElo "1842"]
[Opening "Alekhine's defense: Scandinavian variation"]
[ECO "B02"]
[Time "17:01:02"]
[TimeControl "2700+45"]

1. e4 Nf6 2. Nc3 d5 3. e5 d4 4. exf6 dxc3 5. fxg7 cxd2+ 6. Qxd2 Qxd2+ 7. Bxd2
Bxg7 8. O-O-O Bf5 9. Bf4 e5 10. Be3 Nd7 11. Bc4 Bg6 12. Nf3 a6 13. Nh4 Bh5 14.
f3 Bf6 15. Nf5 O-O-O 16. Nh6 Rhf8 17. g4 b5 18. Bb3 Bg6 19. h4 e4 20. h5 exf3
21. hxg6 fxg6 22. Nf7 Rde8 23. Bh6 Rg8 24. Rhf1 Bg7 25. Rxf3 Ne5 26. Nxe5 Bxh6+
27. Kb1 Rd8 28. Rxd8+ Rxd8 29. Rf1 c5 30. c3 c4 31. Bd1 Bg7 32. Nf7 Rd7 33. Ng5
h6 34. Ne6 Kb8 35. Nxg7 Rxg7 36. Rf6 Ka7 37. Bc2 h5 38. Rxg6 Rxg6 39. Bxg6 hxg4
40. Kc1 Kb6 41. Kd2 Kc5 42. Be4 a5 43. Ke3 b4 44. Kf4 a4 45. a3 {Black resigns}
1-0

[Event "Team 45 45 League T56"]
[Site "Internet Chess Club"]
[Date "2013.03.24"]
[Round "4"]
[White "SlimeDog2"]
[Black "michaelq2d5"]
[Result "1-0"]
[WhiteElo "2115"]
[BlackElo "2120"]
[Opening "Nimzo-Indian: classical, Noa variation"]
[ECO "E34"]
[Time "22:24:39"]
[TimeControl "2700+45"]

1. d4 Nf6 2. c4 e6 3. Nc3 Bb4 4. Qc2 d5 5. Nf3 O-O 6. cxd5 exd5 7. a3 Bxc3+ 8.
bxc3 c5 9. Bg5 h6 10. Bh4 Nc6 11. e3 c4 12. Be2 Re8 13. Nd2 b5 14. O-O a5 15.
Bf3 g5 16. Bg3 g4 17. Be2 Nh5 18. e4 dxe4 19. a4 e3 20. fxe3 Rxe3 21. Ne4 Qe7
22. axb5 Rxe4 23. Bxc4 Nd8 24. Bh4 Qxh4 25. Qxe4 Ra7 26. Qe8+ Kg7 27. Qe5+
{Black resigns} 1-0